 Dungeon Crawl Stone Soup version 0.31.0-11-ge490571c62 (webtiles) character file.

Game seed: 3538594275496942135

1127 qw the Skirmisher (level 8, -2/43 (46) HPs)
             Began as a Deep Elf Hunter on Feb 4, 2024.
             Slain by a kobold
             ... wielding a +0 short sword
              (4 damage)
             ... on level 5 of the Dungeon.
             The game lasted 00:00:15 (3479 turns).

qw the Skirmisher (Deep Elf Hunter)                 Turns: 3479, Time: 00:00:15

HP:   -2/43 (46)    AC: 11    Str: 10    XL:     8   Next: 13%
MP:   10/10         EV: 12    Int: 15    God:
Gold: 227           SH:  0    Dex: 18    Spells: 7/7 levels left

rFire   . . .        e - +0 orcbow
rCold   . . .        (shield currently unavailable)
rNeg    . . .        h - +0 ring mail
rPois   .            i - +1 hat
rElec   .            (no cloak)
rCorr   .            (no gloves)
SInv    .            d - +0 pair of boots
Will    .....        k - amulet of regeneration
Stlth   +            b - +4 ring of protection
HPRegen 1.07/turn    (no ring)
MPRegen 0.12/turn

%: no passive effects
@: lethally poisoned (-2 -> -3), drained
A: no striking features
a: no special abilities


You were on level 5 of the Dungeon.
You visited 1 branch of the dungeon, and saw 5 of its levels.
You also visited: Sewer.

You collected 227 gold pieces.


   Skills:
 - Level 3.0 Fighting
 + Level 12.0 Ranged Weapons
 - Level 1.0 Armour
 - Level 4.5 Dodging
 - Level 1.2 Stealth


You had 7 spell levels left.
You didn't know any spells.
Your spell library was empty.

Inventory:

Hand Weapons
 e - a +0 orcbow (weapon)
Armour
 d - a +0 pair of boots (worn)
 h - a +0 ring mail (worn)
 i - a +1 hat (worn)
Jewellery
 b - a +4 ring of protection (left hand)
 k - an amulet of regeneration (around neck)
 l - a ring of ice
Wands
 g - a wand of polymorph (7)
Potions
 a - a potion of berserk rage {unknown}
 c - a potion of might
 f - 2 potions of enlightenment
 j - a potion of curing

Dungeon Overview and Level Annotations

Branches:
Dungeon (5/15)              Sewer (visited)
 Temple: D:4-7

Altars:
Elyvilon
Makhleb
Ru

Annotations:
D:4 2 transporters, qw's ghost, amateur DEHu


Message History

You feel sick.
The kobold brigand completely misses you.
The kobold closely misses you. The kobold misses you.
You shoot an arrow.
The arrow closely misses the kobold brigand.
You feel sick.
The kobold brigand hits you but does no damage.
The kobold hits you with a +0 club.
The kobold throws a stone.
The stone closely misses you.
The stone hits the kobold but does no damage.
The kobold hits you with a +1 whip of draining.
You feel drained. The kobold hits you but does no damage.
You shoot an arrow. The arrow hits the kobold brigand.
The kobold brigand is lightly wounded.
You feel sick.
The kobold brigand hits you with a +0 dagger.
The kobold completely misses you. The kobold hits you but does no damage.
The kobold hits you with a +1 whip of draining.
You feel drained.
You shoot an arrow.
The arrow closely misses the kobold brigand.
You feel sick. The kobold hits you with a +0 club.
The kobold brigand hits you but does no damage.
The kobold completely misses you. The kobold closely misses you.
The kobold barely misses you.
You shoot an arrow. The arrow hits the kobold brigand!
The kobold brigand is heavily wounded.
You feel sick. The kobold hits you but does no damage.
The kobold brigand hits you with a +0 dagger.
The kobold hits you but does no damage.
You feel drained.
The kobold hits you but does no damage. x2
You shoot an arrow. The arrow misses the kobold brigand.
You feel sick.
The kobold brigand hits you but does no damage.
The kobold hits you with a +0 club. The kobold closely misses you.
The kobold hits you but does no damage. x2
The kobold brigand hits you but does no damage.
The kobold closely misses you.
The kobold hits you with a +0 short sword.
You die...

#.# #.# #.. #.###.##
### #......#
#...#..# #...#..#
#...#..#### #
#.........#### ...
#.........##K##.....
#...(......K@K..!...
#.........#.KK......
#.........##.'......
#.........##.##.....
#.........#### #....
#####..#### ####
..... .....


You could see a kobold brigand and 4 kobolds.

Vanquished Creatures
  Pargi (Sewer)
  A centaur (D:5)
  2 ogres (D:4)
  2 kobold brigands (D:5)
  2 brain worms (Sewer)
  A scorpion (D:5)
  2 bombardier beetles
  4 hounds
  Jessica (D:2)
  3 iguanas
  3 gnolls (D:5)
  5 adders
  2 ufetubi (D:5)
  2 dart slugs
  3 ribbon worms
  6 orcs
  9 ball pythons
  7 bats
  5 endoplasms
  4 giant cockroaches
  5 goblins
  3 hobgoblins
  2 jackals (D:2)
  14 kobolds
  4 quokkas
  8 frilled lizards
  4 rats
105 creatures vanquished.

Notes
Turn   | Place    | Note
-------+----------+-------------------------------------------
     0 | D:1      | qw the Deep Elf Hunter began the quest for the Orb.
     0 | D:1      | Reached XP level 1. HP: 12/12 MP: 3/3
     0 | D:1      | 0 ||| qw: Version: 0.3-a-160-g6735b56
     0 | D:1      | 0 ||| qw: Game counter: 4943
     0 | D:1      | 0 ||| qw: Melee chars always use a shield: true
     0 | D:1      | 0 ||| qw: God list: Okawaru
     0 | D:1      | 0 ||| qw: Allow faded altars: false
     0 | D:1      | 0 ||| qw: Do Orc after clearing Dungeon:15 true
     0 | D:1      | 0 ||| qw: Do second Lair branch before Depths: true
     0 | D:1      | 0 ||| qw: Lair rune preference: random
     0 | D:1      | 0 ||| qw: Goals: Normal
     0 | D:1      | 0 ||| PLANNING D:1-11
   102 | D:1      | Reached skill level 6 in Ranged Weapons
   102 | D:1      | Reached XP level 2. HP: 6/16 MP: 4/4
   411 | D:1      | Found a faded altar of an unknown god.
   704 | D:1      | 704 ||| UPGRADING to +0 ring mail.
   714 | D:1      | 714 ||| DROPPING +0 leather armour.
   715 | D:1      | 715 ||| UPGRADING to amulet of regeneration.
   720 | D:1      | 720 ||| READING scroll labelled QETAAKLASA.
   720 | D:1      | 720 ||| ENCHANTING +0 shortbow.
   721 | D:1      | 721 ||| READING scroll labelled DIOBLY GUBOIM.
   822 | D:1      | 822 ||| READING scroll labelled TONANTETRU.
   829 | D:1      | 829 ||| READING scroll labelled ROLLUOMOYFF.
   830 | D:1      | 830 ||| READING 2 scrolls labelled AZAUSH BIFFEOV.
   831 | D:1      | 831 ||| DRINKING 2 inky potions.
   832 | D:1      | 832 ||| DRINKING 2 puce potions.
   833 | D:1      | 833 ||| DROPPING scroll of butterflies.
   834 | D:1      | 834 ||| DROPPING scroll of fear.
   848 | D:2      | Noticed Jessica
   853 | D:2      | Killed Jessica
   854 | D:2      | Reached skill level 7 in Ranged Weapons
   854 | D:2      | Reached XP level 3. HP: 19/20 MP: 5/5
   886 | D:2      | 886 ||| DROPPING +2 heavy sling.
   960 | D:2      | 960 ||| READING scroll of enchant weapon.
   960 | D:2      | 960 ||| ENCHANTING +1 shortbow.
  1114 | D:2      | Reached XP level 4. HP: 25/25 MP: 6/6
  1171 | D:2      | Found a burning altar of Makhleb.
  1673 | D:2      | 1673 ||| DROPPING scarf of harm.
  1674 | D:2      | 1674 ||| UPGRADING to +4 ring of protection.
  1675 | D:2      | 1675 ||| DROPPING ring of magical power.
  1676 | D:2      | 1676 ||| READING 2 scrolls labelled LIDOCE JEOPTEY.
  1677 | D:2      | 1677 ||| READING scroll labelled OPNIHU MIEGI.
  1677 | D:2      | 1677 ||| IDENTIFYING bubbling ruby potion
  1678 | D:2      | 1678 ||| READING 2 scrolls labelled CORUANEEDA.
  1779 | D:2      | 1779 ||| DROPPING scroll of noise.
  1780 | D:2      | 1780 ||| DROPPING scroll of silence.
  2075 | D:3      | Reached skill level 8 in Ranged Weapons
  2097 | D:3      | 2097 ||| RETREEEEATING.
  2102 | D:3      | Reached XP level 5. HP: 29/29 MP: 7/7
  2416 | D:3      | 2416 ||| READING scroll of identify.
  2416 | D:3      | 2416 ||| IDENTIFYING bubbling grey potion
  2417 | D:3      | 2417 ||| DRINKING 2 emerald potions.
  2450 | D:3      | 2450 ||| DROPPING potion of lignification.
  2498 | D:4      | Found a transporter.
  2502 | D:4      | Noticed qw's ghost (amateur DEHu)
  2512 | D:4      | Noticed an ogre
  2514 | D:4      | 2514 ||| DRINKING potion of haste.
  2519 | D:4      | Killed an ogre
  2520 | D:4      | Reached skill level 9 in Ranged Weapons
  2536 | D:4      | Found a sacrificial altar of Ru.
  2549 | D:4      | Reached XP level 6. HP: 35/35 MP: 8/8
  2615 | D:4      | Found a transporter.
  2660 | D:4      | 2660 ||| READING scroll of enchant weapon.
  2660 | D:4      | 2660 ||| ENCHANTING +2 shortbow.
  2731 | D:4      | Identified the +1 chain mail "Giotoc" {^Drain Str+5}
  2866 | D:4      | Reached skill level 10 in Ranged Weapons
  2872 | D:4      | 2872 ||| UPGRADING to +0 pair of boots.
  2877 | D:4      | 2877 ||| UPGRADING to +1 hat.
  2882 | D:4      | 2882 ||| READING scroll labelled GOBBYTWASAIRPH.
  2884 | D:4      | 2884 ||| Stepping ~*~*~tactically~*~*~ (cloud).
  2922 | D:5      | Entered Level 5 of the Dungeon
  2923 | D:5      | 2923 ||| PLANNING SEWER
  2947 | D:5      | Reached skill level 3 in Dodging
  2947 | D:5      | Reached XP level 7. HP: 36/40 MP: 9/9
  2961 | D:5      | 2961 ||| FLEEEEING.
  2968 | D:5      | 2968 ||| FLEEEEING.
  2969 | D:5      | 2969 ||| FLEEEEING.
  2984 | D:5      | Reached skill level 1 in Armour
  2992 | D:5      | 2992 ||| SWAPPING to +0 orcbow.
  2999 | D:5      | 2999 ||| DROPPING +3 shortbow.
  3076 | D:5      | Reached skill level 11 in Ranged Weapons
  3194 | D:5      | Found a white marble altar of Elyvilon.
  3233 | D:5      | Found a glowing drain.
  3234 | D:5      | 3234 ||| READING scroll of identify.
  3234 | D:5      | 3234 ||| IDENTIFYING black potion
  3235 | D:5      | 3235 ||| READING scroll labelled BUIF IWUTRY.
  3236 | D:5      | 3236 ||| DROPPING potion of ambrosia.
  3256 | Sewer    | Entered a sewer
  3256 | Sewer    | Noticed Pargi
  3264 | Sewer    | Killed Pargi
  3268 | Sewer    | Reached skill level 12 in Ranged Weapons
  3414 | D:5      | 3414 ||| PLANNING D:1-11
  3468 | D:5      | Reached skill level 3 in Fighting
  3468 | D:5      | Reached XP level 8. HP: 46/46 MP: 10/10
  3477 | D:5      | HP: 9/44 [kobold/+0 club (3)]
  3478 | D:5      | HP: 3/44 [kobold brigand/+0 dagger (6)]
  3479 | D:5      | Slain by a kobold

Levels and vault maps discovered:
D:1:      onia_arrival_pyramid, layout_loops_ring,
          shapermc_ecumenical_altar_starsandcircs, minivault_11,
          minmay_pentomino_x2
D:2:      wander_river, layout_loops_corners, basic_altar, minivault_23,
          minmay_statues_item, uniq_jessica
D:3:      layout_loops_ring, st_stairs_8
D:4:      layout_basic, mainiacjoe_overflow_chevrons, gammafunk_ghost_arena,
          st_stairs_6
D:5:      cheibrodos_fertilizer, layout_basic, nicolae_elyvilon_peaceful_grove,
          minmay_temple_entry_waves, cheibrodos_sewer_entry_bend

Skill      XL: |  1  2  3  4  5  6  7  8 |
---------------+-------------------------+-----
Ranged Weapons | 6 7 8 9 10 12 | 12.0
Fighting       | 2 3 |  3.0
Dodging        | 3 4 |  4.5
Armour         | 1 |  1.0
Stealth        | |  1.2

Action                     |  1- 3 |  4- 6 |  7- 9 || total
---------------------------+-------+-------+-------++-------
   Fire: Shortbow          |    78 |   119 |    11 ||   208
         Orcbow            |       |       |    88 ||    88
    Use: Scroll            |     6 |     6 |     2 ||    14
         Potion            |     2 |     2 |       ||     4
 Armour: Leather armour    |     4 |       |       ||     4
         Ring mail         |    11 |    26 |    48 ||    85
  Dodge: Dodged            |    16 |    27 |    46 ||    89

Table legend:
 A = Non-vault XP
 B = Vault XP
 C = Vault XP percentage of total XP
 D = Non-vault monster count
 E = Vault monster count
 F = Vault count percentage of total count
                 A         B        C        D         E       F
            +---------+---------+-------+---------+---------+-------
      Total |    1036 |     575 |  35.7 |      89 |      16 |  15.2
            +---------+---------+-------+---------+---------+-------
        D:1 |      35 |       0 |   0.0 |      23 |       0 |   0.0
        D:2 |      43 |      37 |  46.2 |      20 |       1 |   4.8
        D:3 |      97 |       3 |   3.0 |      20 |       2 |   9.1
        D:4 |     373 |       2 |   0.5 |      12 |       1 |   7.7
        D:5 |     488 |     203 |  29.4 |      14 |       4 |  22.2
      Sewer |       0 |     330 | 100.0 |       0 |       8 | 100.0
            +---------+---------+-------+---------+---------+-------
